 Dungeon Crawl Stone Soup version 0.22-a0-538-g76cc104 (webtiles) character file.

131 iamserjio the Sneak (level 5, 0/43 HPs)
             Began as a Gnoll Assassin on June 23, 2018.
             Slain by an adder (4 damage)
             ... on level 3 of the Dungeon.
             The game lasted 00:07:15 (453 turns).

iamserjio the Sneak (Gnoll Assassin)                 Turns: 453, Time: 00:07:16

Health: 0/43       AC:  6    Str: 18    XL:     5   Next: 14%
Magic:  5/6        EV: 13    Int: 15    God:
Gold:   68         SH:  0    Dex: 16    Spells: 6/6 levels left

rFire    . . .     SeeInvis .   a - +2 dagger
rCold    . . .     Gourm    .   (no shield)
rNeg     . . .     Faith    .   l - +0 leather armour
rPois    .         Spirit   .   (no helmet)
rElec    .         Reflect  .   d - +0 cloak
rCorr    .         Harm     .   (no gloves)
MR       .....     Clarity  +   (no boots)
Stlth    +++.......             (no amulet)
HPRegen  0.14/turn              (no ring)
MPRegen  0.10/turn              (no ring)

@: mighty, drained
A: distributed training, fangs 1, hooves 1, icy blue scales 1, clarity, low mp
1, strong nose
a: no special abilities


You were on level 3 of the Dungeon.
You were not hungry.

You visited 1 branch of the dungeon, and saw 3 of its levels.

You collected 68 gold pieces.

Inventory:

Hand Weapons
 a - a +2 dagger (weapon)
 b - a +0 blowgun
Missiles
 e - 3 poisoned needles
 r - a curare-tipped needle {!f}
Armour
 c - a +0 robe
 d - a +0 cloak (worn)
 l - a +0 leather armour (worn)
 q - a +3 leather armour
Jewellery
 k - an uncursed amulet of harm
Wands
 f - a wand of acid (6)
Scrolls
 h - 2 scrolls of teleportation {unknown}
 i - a scroll of enchant armour {unknown}
 j - 2 scrolls of magic mapping {unknown}
 o - 2 scrolls of enchant weapon {unknown}
Comestibles
 g - 3 rations


   Skills:
 + Level 4.7(4.3) Fighting
 + Level 4.7(4.3) Short Blades
 + Level 1.3(0.9) Long Blades
 + Level 1.3(0.9) Axes
 + Level 1.3(0.9) Maces & Flails
 + Level 1.3(0.9) Polearms
 + Level 1.3(0.9) Staves
 + Level 1.3(0.9) Slings
 + Level 1.3(0.9) Bows
 + Level 1.3(0.9) Crossbows
 + Level 4.7(4.3) Throwing
 + Level 1.3(0.9) Armour
 + Level 2.9(2.5) Dodging
 + Level 7.9(7.4) Stealth
 + Level 1.3(0.9) Shields
 + Level 1.3(0.9) Unarmed Combat
 + Level 1.3(0.9) Spellcasting
 + Level 1.1(0.7) Conjurations
 + Level 1.1(0.7) Hexes
 + Level 1.1(0.7) Charms
 + Level 1.1(0.7) Summonings
 + Level 1.1(0.7) Necromancy
 + Level 1.1(0.7) Translocations
 + Level 1.1(0.7) Transmutations
 + Level 1.1(0.7) Fire Magic
 + Level 1.1(0.7) Ice Magic
 + Level 1.1(0.7) Air Magic
 + Level 1.1(0.7) Earth Magic
 + Level 1.1(0.7) Poison Magic
 + Level 1.5(1.1) Invocations
 + Level 1.3(0.9) Evocations


You had 6 spell levels left.
You didn't know any spells.
Your spell library contained the following spells:

 Spells                   Type           Power        Failure   Level  Hunger
 Confuse                  Hex            #.......     54%         3    ####...
 Confusing Touch          Hex            #.....       22%         1    ##.....
 Metabolic Englaciation   Hex/Ice        #.........   99%         5    ######.
 Petrify                  Tmut/Erth      #.......     91%         4    #####..
 Gell's Gravitas          Tloc           #.........   54%         3    ####...
 Yara's Violent Unravell  Hex/Tmut       #.........   99%         5    ######.


Dungeon Overview and Level Annotations

Branches:
Dungeon (3/15)

Altars:
Uskayaw


Innate Abilities, Weirdness & Mutations

Your experience applies equally to all skills.
You have very sharp teeth.
Your uncanny sense of smell can sniff out nearby items.
You have large cloven feet.
You are partially covered in icy blue scales. (AC +2)
You possess an exceptional clarity of mind.
Your magical capacity is low. (-10% MP)


Message History

The orc freezes you.
* * * LOW HITPOINT WARNING * * *
It was a potion of cancellation.
You feel magically purged. The orc hits you but does no damage.
It was a potion of might.
You feel very mighty all of a sudden.
The orc hits you with a hand axe of freezing.
* * * LOW HITPOINT WARNING * * *
The orc freezes you.
* * * LOW HITPOINT WARNING * * *
It was a potion of mutation.
You feel extremely strange.
You feel less energetic.
Your feet thicken and deform.
Icy blue scales grow over part of your body.
Your thoughts seem clearer.
You puncture the orc!
You kill the orc!
You puncture the adder! Your kick misses the adder.
The adder is severely wounded.
The adder bites you.
You die...

∆ ############
..........# ######
#.)......# #....#
#........###....# .
#......<...#....# ...
#........#.#....#
....l###........#.......
#ooS@........#.#..<.#
#((S##........#.#.....
#.# #.................
.. #.#..........#....# #
#.##...#.##..#####.. #.#
..........# ### ##
#..#......## #.#.......#
#.....).#


You could see 2 adders, 2 orcs and a leopard gecko.

Vanquished Creatures
  2 orc priests
  Ijyb (D:3)
  An adder (D:2)
  2 worms (D:2)
  A dart slug (D:1)
  A leopard gecko (D:2)
  5 orcs
  4 bats
  A giant cockroach (D:1)
  A goblin (D:1)
  2 hobgoblins (D:1)
  A ball python (D:1)
  2 frilled lizards (D:2)
  3 kobolds
  A rat (D:1)
28 creatures vanquished.

Notes
Turn   | Place    | Note
-------+----------+-------------------------------------------
     0 | D:1      | iamserjio the Gnoll Assassin began the quest for the Orb.
     0 | D:1      | Reached XP level 1. HP: 20/20 MP: 1/1
    83 | D:1      | Reached XP level 2. HP: 21/26 MP: 2/2
   168 | D:2      | Reached XP level 3. HP: 8/31 MP: 3/3
   173 | D:2      | HP: 1/31 [orc priest/club (6)]
   174 | D:2      | Reached skill level 1 in Long Blades
   174 | D:2      | Reached skill level 1 in Axes
   174 | D:2      | Reached skill level 1 in Maces & Flails
   174 | D:2      | Reached skill level 1 in Polearms
   174 | D:2      | Reached skill level 1 in Staves
   174 | D:2      | Reached skill level 1 in Slings
   174 | D:2      | Reached skill level 1 in Bows
   174 | D:2      | Reached skill level 1 in Crossbows
   174 | D:2      | Reached skill level 1 in Armour
   174 | D:2      | Reached skill level 1 in Shields
   174 | D:2      | Reached skill level 1 in Unarmed Combat
   174 | D:2      | Reached skill level 1 in Spellcasting
   174 | D:2      | Reached skill level 1 in Invocations
   174 | D:2      | Reached skill level 1 in Evocations
   302 | D:2      | Found a hide-covered altar of Uskayaw.
   327 | D:2      | Reached XP level 4. HP: 19/38 MP: 5/5
   337 | D:2      | Found a faded altar of an unknown god.
   394 | D:3      | Noticed Ijyb
   409 | D:3      | Killed Ijyb
   409 | D:3      | Reached skill level 1 in Conjurations
   409 | D:3      | Reached skill level 1 in Hexes
   409 | D:3      | Reached skill level 1 in Charms
   409 | D:3      | Reached skill level 1 in Summonings
   409 | D:3      | Reached skill level 1 in Necromancy
   409 | D:3      | Reached skill level 1 in Translocations
   409 | D:3      | Reached skill level 1 in Transmutations
   409 | D:3      | Reached skill level 1 in Fire Magic
   409 | D:3      | Reached skill level 1 in Ice Magic
   409 | D:3      | Reached skill level 1 in Air Magic
   409 | D:3      | Reached skill level 1 in Earth Magic
   409 | D:3      | Reached skill level 1 in Poison Magic
   444 | D:3      | Reached XP level 5. HP: 11/43 MP: 5/7
   451 | D:3      | Gained mutation: Your magical capacity is low. (-10% MP) [potion of mutation]
   451 | D:3      | Gained mutation: You have large cloven feet. [potion of mutation]
   451 | D:3      | Gained mutation: You are partially covered in icy blue scales. (AC +2) [potion of mutation]
   451 | D:3      | Gained mutation: You possess an exceptional clarity of mind. [potion of mutation]
   453 | D:3      | Slain by an adder

Vault maps used:
D:1:      dpeg_arrival_lava_altar
D:2:      lemuel_coloured_pillars_altar, chequers_ecumenical_altar_simple_redux,
          trog_butcher_becter
D:3:      first_ration, amethyst_killhole, minmay_crystal_water, uniq_ijyb

Skill      XL: |  1  2  3  4 |
---------------+-------------+-----
Long Blades    | 1 |  1.3
Axes           | 1 |  1.3
Maces & Flails | 1 |  1.3
Polearms       | 1 |  1.3
Staves         | 1 |  1.3
Slings         | 1 |  1.3
Bows           | 1 |  1.3
Crossbows      | 1 |  1.3
Armour         | 1 |  1.3
Shields        | 1 |  1.3
Unarmed Combat | 1 |  1.3
Spellcasting   | 1 |  1.3
Invocations    | 1 |  1.5
Evocations     | 1 |  1.3
Conjurations   | 1 |  1.1
Hexes          | 1 |  1.1
Charms         | 1 |  1.1
Summonings     | 1 |  1.1
Necromancy     | 1 |  1.1
Translocations | 1 |  1.1
Transmutations | 1 |  1.1
Fire Magic     | 1 |  1.1
Ice Magic      | 1 |  1.1
Air Magic      | 1 |  1.1
Earth Magic    | 1 |  1.1
Poison Magic   | 1 |  1.1
Fighting       | |  4.7
Short Blades   | |  4.7
Throwing       | |  4.7
Dodging        | |  2.9
Stealth        | |  7.9

Action                   |  1- 3 |  4- 6 || total
-------------------------+-------+-------++-------
Melee: Dagger            |    62 |    22 ||    84
       Bite              |     7 |     1 ||     8
 Fire: Blowgun           |     1 |    13 ||    14
  Use: Potion            |       |     3 ||     3
 Stab: Sleeping          |     2 |     2 ||     4
Armor: Robe              |    14 |       ||    14
       Leather armour    |     1 |     2 ||     3
Dodge: Dodged            |    49 |     3 ||    52

Table legend:
 A = Spawn XP
 B = Non-spawn XP
 C = Spawn XP percentage of total XP
 D = Spawn monster count
 E = Non-spawn monster count
 F = Spawn count percentage of total count
 G = Total turns spent on level
                    A         B        C        D         E        F      G
               +---------+---------+-------+---------+---------+-------+---------
         Total |       0 |     188 |   0.0 |       0 |      28 |   0.0 |   453
               +---------+---------+-------+---------+---------+-------+---------
           D:1 |       0 |      21 |   0.0 |       0 |      11 |   0.0 |   132
           D:2 |       0 |      87 |   0.0 |       0 |      14 |   0.0 |   264
           D:3 |       0 |      80 |   0.0 |       0 |       3 |   0.0 |    57
               +---------+---------+-------+---------+---------+-------+---------
